 Dungeon Crawl Stone Soup version 0.27.1-37-g7b29ead8ac (console) character file.

Game seed: 9293341536727040490

207 grimtooth the Caller (level 5, -5/28 HPs)
             Began as a Deep Elf Summoner on Nov 15, 2023.
             Was an Initiate of Kikubaaqudgha.
             Killed by divine providence
             ... invoked by an orc priest
              (13 damage)
             ... on level 4 of the Dungeon.
             The game lasted 00:20:45 (5607 turns).

grimtooth the Caller (Deep Elf Summoner)            Turns: 5607, Time: 00:20:47

Health: -5/28      AC:  5    Str:  4 (5)  XL:     5   Next: 54%
Magic:  7/13       EV: 12    Int: 19 (21) God:    Kikubaaqudgha [......]
Gold:   183        SH:  0    Dex: 14 (15) Spells: 6/12 levels left

rFire    . . .     SeeInvis .   c - +0 dagger
rCold    . . .     Faith    .   (no shield)
rNeg     . . .     Spirit   .   a - +0 robe
rPois    +         Reflect  .   u - +0 helmet
rElec    .         Harm     .   v - +1 cloak
rCorr    .         Rampage  .   (no gloves)
Will     .....                  (no boots)
Stlth    +++.......             (no amulet)
HPRegen  0.09/turn              o - ring of wizardry
MPRegen  0.13/turn              r - ring of poison resistance

@: hasted, very quick
A: no striking features
a: Renounce Religion


You were on level 4 of the Dungeon.
You worshipped Kikubaaqudgha.
Kikubaaqudgha was noncommittal.
You visited 2 branches of the dungeon, and saw 6 of its levels.

You collected 183 gold pieces.

Inventory:

Hand Weapons
 c - a +0 dagger (weapon)
Missiles
 d - 51 stones (quivered)
 q - 3 throwing nets {=f}
Armour
 a - a +0 robe (worn)
 u - a +0 helmet (worn)
 v - a +1 cloak (worn)
Jewellery
 o - a ring of wizardry (left hand)
 r - a ring of poison resistance (right hand)
Scrolls
 b - a scroll of magic mapping {unknown}
 i - 2 scrolls of identify {@r4}
 j - a scroll of immolation
 l - a scroll of noise {unknown}
 m - a scroll of blinking {unknown}
 p - a scroll of teleportation {unknown}
 s - a scroll of vulnerability {unknown}
Potions
 e - a potion of might {unknown}
 f - a potion of flight {unknown}
 g - a potion of degeneration
 h - a potion of brilliance {unknown}
 k - a potion of haste
 n - a potion of mutation {unknown}


   Skills:
 - Level 2.4 Dodging
 + Level 4.4 Stealth
 - Level 4.0 Spellcasting
 * Level 6.4 Summonings


You had 6 spell levels left.
You knew the following spells:

 Your Spells              Type           Power      Damage    Failure   Level
L - Summon Small Mammal   Summ           100%       N/A       1%          1
N - Call Canine Familiar  Summ           28%        N/A       1%          3
P - Call Imp              Summ           28%        N/A       1%          2

Your spell library contained the following spells:

 Spells                   Type           Power      Damage    Failure   Level
 Summon Guardian Golem    Hex/Summ       16%        N/A       4%          3
 Apportation              Tloc           6%         N/A       6%          1
 Summon Lightning Spire   Summ/Air       16%        N/A       16%         4
 Alistair's Intoxication  Tmut/Pois      2%         N/A       80%         5
 Invisibility             Hex            1%         N/A       100%        6


Dungeon Overview and Level Annotations

Branches:
Dungeon (5/15)             Temple (1/1) D:4

Altars:
Dithmenos
Fedhas
Hepliaklqana
Kikubaaqudgha
Okawaru
Qazlal
Uskayaw
Vehumet
Xom
The Shining One

Shops:
D:1 =


Message History

Beogh smites you!
Ouch! That really hurt!
* * * LOW HITPOINT WARNING * * *
The orc closely misses you.
You see here a +0 club.
You swap places.
The orc closely misses your crimson imp.
The orc priest hits your hound with a +0 club.
Your crimson imp misses the orc.
Your hound bites the orc priest.
You see here a +0 dagger.
Your hound completely misses the orc priest.
The orc hits your crimson imp with a +0 dagger.
Your crimson imp blinks!
The orc priest miscasts a cantrip.
What are your orders? t - Shout!
Orders for allies: a - Attack new target. r - Retreat! s - Stop attacking. g - Guard the area. f - Follow me.
Anything else - Cancel.
Gang up on whom?
Press: ? - help, Dir - move target, f - orc
Aim: an orc, wielding a +0 dagger (ally target) Attack!
Your hound barely misses the orc.
The orc hits your hound with a +0 dagger.
What are your orders? t - Shout!
Orders for allies: a - Attack new target. p - Attack previous target. r - Retreat! s - Stop attacking. g - Guard the area. f - Follow me.
Anything else - Cancel.
Gang up on whom?
Press: ? - help, Dir - move target, f - orc priest, p - orc
Aim: an orc priest, wielding a +0 club and wearing a +0 leather armour (lightly wounded) Attack!
Your hound bites the orc.
The orc priest mumbles some strange prayers to Beogh against you.
Beogh smites you!
You die...
Kikubaaqudgha rasps: "You have failed me!
Welcome... death!"

#[...#......# #..##
....#..###### #...#
.>.)...# ##..#
...##..## #..#
..#..#..# ##.##
#.#.[...# #######..#
...#..#.###.....oo>#
......#...#.....h###
.#.######.#.....5#
...######........#
.........##).5..@#
.#.###....#......#
.#........#......#
...###....#......#
<#.............###
##.............#
........)......#
##.............#
#.............#
#.............#
#.............#


You could see an orc priest (ally target), an orc, a friendly hound (summoned)
and 2 friendly crimson imps.

Vanquished Creatures
  An adder (D:2)
  An adder skeleton (D:4)
  An orc (D:4)
  2 bats
  4 endoplasms
  3 giant cockroaches (D:1)
  5 goblins
  4 hobgoblins
  2 jackals (D:2)
  5 kobolds
  A quokka (D:2)
  2 ball pythons
  2 frilled lizards
  6 rats
39 creatures vanquished.

Vanquished Creatures (collateral kills)
  A howler monkey (D:4)
  A jelly (D:4)
  2 orc priests (D:4)
  An iguana (D:4)
  Robin (D:2)
  2 adders
  A worm (D:2)
  2 dart slugs (D:1)
  2 orcs (D:4)
  4 ball pythons
  6 endoplasms
  12 goblins
  6 hobgoblins
  4 jackals
  3 kobolds (D:1)
  4 quokkas
  2 bats
  3 rats (D:1)
57 creatures vanquished.

Grand Total: 96 creatures vanquished

Notes
Turn   | Place    | Note
-------+----------+-------------------------------------------
     0 | D:1      | grimtooth the Deep Elf Summoner began the quest for the
                  | Orb.
     0 | D:1      | Reached XP level 1. HP: 10/10 MP: 6/6
   495 | D:1      | Reached XP level 2. HP: 15/15 MP: 5/8
   787 | D:1      | Found Yre Renk's Jewellery Shop.
   796 | D:1      | Learned a level 2 spell: Call Imp
   840 | D:1      | Reached skill level 5 in Summonings
  1251 | D:1      | Reached XP level 3. HP: 19/19 MP: 9/9
  1270 | D:1      | Found a faded altar of an unknown god.
  1500 | D:1      | Learned a level 3 spell: Call Canine Familiar
  2131 | D:2      | Noticed Robin
  2153 | D:2      | Killed Robin
  3194 | D:3      | You fall into a shaft and drop 1 floor!
  3209 | D:4      | Reached XP level 4. HP: 15/24 MP: 4/10
  4253 | D:4      | Found an iron altar of Okawaru.
  4280 | D:4      | Reached skill level 6 in Summonings
  4680 | D:4      | Found a staircase to the Ecumenical Temple.
  4703 | Temple   | Entered the Ecumenical Temple
  4921 | Temple   | Became a worshipper of Kikubaaqudgha
  5194 | D:4      | Reached XP level 5. HP: 24/28 MP: 10/12
  5587 | D:5      | Entered Level 5 of the Dungeon
  5592 | D:4      | - god damn it
  5607 | D:4      | Killed from afar by an orc priest

Illustrated notes

.##)#.....##........#
....#####.##........#
.##..# #.###..######
#..#.####.# #..#
...#......# #..##
..#..###### #...#
.)...# ##..# .##..##
#..# #..#..# ##.##
#.[...# #######oo#
.#..#.###......o@#
....#...#.....)###
.######.#......#
.######........#
.......##).....#
.###....#......#
........#......#
.###....#......#
.............###
.............#
......)......#


Turn 5592 on D:4: - god damn it

Levels and vault maps discovered:
D:1:      heliophobic_arrival_glass_houses, layout_basic, serial_shops, shop,
          basic_ecumenical_altar, minmay_tromino_v4_a
D:2:      layout_loops_ring, uniq_robin
D:3:      layout_basic
D:4:      layout_basic, general_overflow_altar, minmay_temple_entry_mini_moons
D:5:      layout_loops_ring, grunt_temple_overflow_gold_and_silver,
          makhleb_blood_cavern_becter, mainiacjoe_overflow_surrounded_room
Temple:   nicolae_temple_figure_zero

Skill      XL: |  1  2  3  4  5 |
---------------+----------------+-----
Stealth        | 3 4 |  4.4
Summonings     | 5 6 |  6.4
Spellcasting   | 4 |  4.0
Dodging        | |  2.4

Action                   |  1- 3 |  4- 6 || total
-------------------------+-------+-------++-------
Melee: Dagger            |    81 |    76 ||   157
Throw: Stone             |     3 |       ||     3
 Cast: Summon Small Mamm |    30 |    10 ||    40
       Call Imp          |     8 |     6 ||    14
       Call Canine Famil |     4 |     3 ||     7
  Use: Scroll            |     1 |     1 ||     2
       Potion            |       |     3 ||     3
 Stab: Sleeping          |    11 |     7 ||    18
       Distracted        |     2 |     2 ||     4
Armor: Robe              |    20 |    16 ||    36
Dodge: Dodged            |    47 |    48 ||    95
